[ AOE2 MATCH · #504661905 ]
UnrankedTatars vs Slavs
Player's team · WIN
Rival team · LOSS
[ REPLAY ANALYSIS · EXTRACTED FROM THE RECORDED GAME ]
Feudal
8:59
Castle
22:24
Imperial
—
| APM avg | 49.7 |
| APM peak | 95 |
| eAPM avg | 28.8 |
| Villagers / military | 150 / 88 |
Focus
⚔️ 36.0% · 🌾 64.0%
Cavalry Archer ×37 · Camel Scout ×31 · Archer ×11 · Knight ×7 · Skirmisher ×2
Feudal
13:25
Castle
20:01
Imperial
—
| APM avg | 57.7 |
| APM peak | 110 |
| eAPM avg | 30.0 |
| Villagers / military | 90 / 171 |
Focus
⚔️ 67.5% · 🌾 32.5%
Scout Cavalry ×99 · Militia ×67 · Scorpion ×3 · Battering Ram ×2 · Unknown (1105) ×1
Match map
Initial resources + every placement click. Lines = walls · curves = elevation contours. ◆ gold · ⬟ stone · ● berries · ✦ relic · ◌ wall gap
Your base· ✓ Closed at 22:24 · 23t walls · no gate
Dr. Wiley!!!'s base· ✓ Closed at 20:01 · 60t walls · 1 gate(s)
Smoothed initial terrain · ◌ = detected wall gap · hover for details
Inputs per minute
— Butterfly - - Dr. Wiley!!!
Build order — Butterfly
First 150 of 389 actions detected
| 0:02 | Queue | Villager (Male) |
| 0:02 | Queue | Villager (Male) |
| 0:04 | Build | House |
| 0:05 | Build | House |
| 0:10 | Queue | Villager (Male) |
| 0:21 | Queue | Villager (Male) |
| 1:41 | Queue | Villager (Male) |
| 1:41 | Queue | Villager (Male) |
| 1:50 | Queue | Villager (Male) |
| 1:50 | Queue | Villager (Male) |
| 2:05 | Build | Lumber Camp |
| 2:25 | Queue | Villager (Male) |
| 2:25 | Queue | Villager (Male) |
| 2:47 | Queue | Villager (Male) |
| 2:47 | Queue | Villager (Male) |
| 3:04 | Build | House |
| 3:08 | Build | House |
| 3:13 | Queue | Villager (Male) |
| 3:13 | Queue | Villager (Male) |
| 3:14 | Queue | Villager (Male) |
| 3:46 | Queue | Villager (Male) |
| 3:46 | Queue | Villager (Male) |
| 3:47 | Queue | Villager (Male) |
| 3:48 | Queue | Villager (Male) |
| 4:13 | Queue | Villager (Male) |
| 4:56 | Build | Mill |
| 5:06 | Research | Loom |
| 5:26 | Queue | Villager (Male) |
| 5:26 | Queue | Villager (Male) |
| 5:27 | Queue | Villager (Male) |
| 6:49 | Research | Feudal Age |
| 7:31 | Build | Palisade Wall |
| 7:31 | Build | Palisade Wall |
| 7:56 | Build | House |
| 8:26 | Queue | Villager (Male) |
| 8:43 | Build | Barracks |
| 8:51 | Queue | Villager (Male) |
| 8:59 | Age | Feudal Age |
| 9:01 | Queue | Villager (Male) |
| 9:26 | Queue | Villager (Male) |
| 9:39 | Research | Double-Bit Axe |
| 10:14 | Queue | Villager (Male) |
| 10:34 | Build | Archery Range |
| 10:40 | Queue | Villager (Male) |
| 10:44 | Build | House |
| 10:47 | Build | Palisade Wall |
| 10:49 | Build | Palisade Wall |
| 10:51 | Queue | Villager (Male) |
| 11:06 | Queue | Villager (Male) |
| 11:28 | Queue | Villager (Male) |
| 11:36 | Build | Mining Camp |
| 11:44 | Queue | Archer |
| 11:47 | Build | House |
| 11:49 | Build | Palisade Wall |
| 12:12 | Queue | Villager (Male) |
| 12:17 | Queue | Villager (Male) |
| 12:26 | Queue | Villager (Male) |
| 12:33 | Queue | Skirmisher |
| 12:53 | Build | Blacksmith |
| 12:56 | Queue | Skirmisher |
| 12:58 | Queue | Villager (Male) |
| 13:10 | Build | Farm |
| 13:15 | Build | Farm |
| 13:27 | Build | House |
| 13:30 | Queue | Archer |
| 13:36 | Queue | Archer |
| 13:47 | Build | House |
| 13:48 | Queue | Villager (Male) |
| 13:55 | Research | Fletching |
| 14:13 | Queue | Villager (Male) |
| 14:16 | Queue | Archer |
| 14:22 | Build | Farm |
| 14:24 | Build | Farm |
| 14:29 | Build | Farm |
| 14:30 | Queue | Villager (Male) |
| 14:41 | Queue | Archer |
| 14:46 | Build | Farm |
| 14:52 | Build | Farm |
| 15:05 | Build | Farm |
| 15:17 | Build | Mill |
| 15:18 | Queue | Villager (Male) |
| 15:27 | Queue | Archer |
| 15:30 | Queue | Villager (Male) |
| 15:47 | Queue | Archer |
| 15:54 | Build | Lumber Camp |
| 16:05 | Queue | Villager (Male) |
| 16:08 | Build | Palisade Wall |
| 16:15 | Build | House |
| 16:18 | Build | Palisade Wall |
| 16:19 | Build | House |
| 16:23 | Build | Palisade Wall |
| 16:24 | Build | Palisade Wall |
| 16:29 | Build | Palisade Wall |
| 16:35 | Queue | Archer |
| 16:38 | Build | House |
| 16:41 | Queue | Archer |
| 16:52 | Build | House |
| 17:00 | Queue | Villager (Male) |
| 17:08 | Build | Palisade Wall |
| 17:10 | Queue | Villager (Male) |
| 17:25 | Build | House |
| 17:39 | Queue | Villager (Male) |
| 17:42 | Build | Farm |
| 17:47 | Build | Farm |
| 17:47 | Build | Farm |
| 17:48 | Build | Farm |
| 18:02 | Queue | Villager (Male) |
| 18:11 | Build | Farm |
| 18:14 | Build | Farm |
| 18:19 | Build | Farm |
| 18:19 | Queue | Villager (Male) |
| 18:23 | Build | Farm |
| 18:23 | Queue | Villager (Male) |
| 18:26 | Queue | Villager (Male) |
| 18:28 | Build | Palisade Wall |
| 18:31 | Queue | Villager (Male) |
| 18:36 | Build | House |
| 18:38 | Queue | Villager (Male) |
| 18:43 | Queue | Archer |
| 19:03 | Build | Palisade Wall |
| 19:05 | Build | Farm |
| 19:44 | Research | Castle Age |
| 19:51 | Queue | Archer |
| 19:56 | Build | House |
| 20:52 | Build | Stable |
| 20:55 | Build | Stable |
| 20:57 | Research | Horse Collar |
| 22:00 | Queue | Villager (Male) |
| 22:14 | Build | House |
| 22:24 | Age | Castle Age |
| 22:31 | Build | Town Center |
| 22:34 | Queue | Camel Scout |
| 22:34 | Queue | Camel Scout |
| 22:34 | Queue | Camel Scout |
| 22:37 | Research | Scale Barding Armor |
| 22:41 | Research | Wheelbarrow |
| 22:43 | Queue | Villager (Male) |
| 22:58 | Build | Town Center |
| 23:02 | Research | Husbandry |
| 23:03 | Queue | Villager (Male) |
| 23:08 | Queue | Villager (Male) |
| 23:13 | Queue | Camel Scout |
| 23:31 | Queue | Villager (Male) |
| 23:37 | Queue | Villager (Male) |
| 23:41 | Queue | Villager (Male) |
| 23:46 | Queue | Villager (Male) |
| 23:49 | Build | Lumber Camp |
| 23:58 | Queue | Villager (Male) |
| 24:08 | Queue | Camel Scout |
| 24:08 | Queue | Camel Scout |
Build order — Dr. Wiley!!!
First 150 of 350 actions detected
| 0:00 | Queue | Villager (Male) |
| 0:00 | Queue | Villager (Male) |
| 0:02 | Build | House |
| 0:03 | Build | House |
| 0:08 | Queue | Villager (Male) |
| 0:12 | Queue | Villager (Male) |
| 1:15 | Queue | Villager (Male) |
| 1:55 | Queue | Villager (Male) |
| 2:20 | Queue | Villager (Male) |
| 2:40 | Queue | Villager (Male) |
| 3:06 | Build | Barracks |
| 3:07 | Build | Palisade Wall |
| 3:08 | Build | Palisade Wall |
| 3:09 | Build | Palisade Wall |
| 3:13 | Queue | Villager (Male) |
| 3:23 | Queue | Villager (Male) |
| 3:59 | Queue | Villager (Male) |
| 4:01 | Queue | Militia |
| 4:08 | Build | House |
| 4:14 | Queue | Villager (Male) |
| 4:32 | Queue | Militia |
| 4:41 | Build | House |
| 4:51 | Queue | Villager (Male) |
| 4:59 | Build | House |
| 5:01 | Queue | Villager (Male) |
| 5:14 | Queue | Militia |
| 5:24 | Queue | Villager (Male) |
| 5:39 | Queue | Militia |
| 6:00 | Queue | Villager (Male) |
| 6:14 | Queue | Militia |
| 6:25 | Build | House |
| 6:28 | Queue | Villager (Male) |
| 6:35 | Build | House |
| 6:40 | Build | Palisade Wall |
| 6:41 | Build | Palisade Wall |
| 6:44 | Queue | Villager (Male) |
| 7:08 | Queue | Villager (Male) |
| 7:20 | Research | Loom |
| 7:25 | Build | House |
| 7:27 | Build | House |
| 7:34 | Queue | Villager (Male) |
| 7:58 | Queue | Villager (Male) |
| 8:13 | Queue | Villager (Male) |
| 8:18 | Build | Palisade Wall |
| 8:24 | Build | Mill |
| 8:26 | Queue | Villager (Male) |
| 8:40 | Build | Palisade Wall |
| 8:42 | Build | Palisade Wall |
| 8:42 | Build | Palisade Wall |
| 8:43 | Build | Palisade Wall |
| 9:01 | Queue | Villager (Male) |
| 9:28 | Build | Lumber Camp |
| 9:47 | Build | Palisade Wall |
| 9:51 | Build | House |
| 9:53 | Queue | Villager (Male) |
| 10:03 | Queue | Villager (Male) |
| 10:09 | Build | Palisade Wall |
| 10:23 | Queue | Villager (Male) |
| 10:30 | Build | Palisade Wall |
| 10:37 | Build | Palisade Wall |
| 10:41 | Queue | Villager (Male) |
| 10:43 | Build | Palisade Wall |
| 10:44 | Build | Palisade Wall |
| 10:45 | Build | Palisade Wall |
| 10:45 | Build | Palisade Wall |
| 10:45 | Build | Palisade Wall |
| 11:00 | Build | Palisade Wall |
| 11:01 | Build | Palisade Wall |
| 11:01 | Build | Palisade Wall |
| 11:02 | Build | Palisade Wall |
| 11:04 | Build | Palisade Wall |
| 11:12 | Research | Feudal Age |
| 11:16 | Build | Palisade Wall |
| 11:23 | Build | Palisade Wall |
| 11:35 | Build | Mining Camp |
| 12:10 | Build | Farm |
| 12:12 | Build | Farm |
| 12:14 | Build | Farm |
| 12:18 | Build | Farm |
| 12:23 | Build | Farm |
| 12:47 | Build | Farm |
| 12:56 | Build | Farm |
| 13:00 | Queue | Villager (Male) |
| 13:00 | Queue | Villager (Male) |
| 13:25 | Age | Feudal Age |
| 13:29 | Research | Man-at-Arms (upgrade) |
| 13:38 | Research | Double-Bit Axe |
| 13:39 | Research | Horse Collar |
| 13:39 | Research | Horse Collar |
| 13:42 | Queue | Villager (Male) |
| 13:53 | Build | Farm |
| 14:11 | Build | Lumber Camp |
| 14:12 | Queue | Villager (Male) |
| 14:47 | Queue | Villager (Male) |
| 15:08 | Queue | Villager (Male) |
| 15:10 | Build | Market |
| 15:23 | Queue | Villager (Male) |
| 15:33 | Build | Blacksmith |
| 15:41 | Queue | Villager (Male) |
| 15:50 | Build | Farm |
| 16:32 | Queue | Villager (Male) |
| 16:46 | Build | Watch Tower |
| 16:54 | Build | Farm |
| 16:55 | Build | Farm |
| 16:55 | Build | Farm |
| 16:55 | Build | Farm |
| 16:55 | Build | Farm |
| 17:00 | Queue | Villager (Male) |
| 17:21 | Research | Castle Age |
| 17:27 | Build | House |
| 17:35 | Build | House |
| 17:43 | Build | Farm |
| 17:44 | Build | Farm |
| 18:00 | Build | Palisade Gate |
| 18:04 | Build | Farm |
| 18:09 | Build | Farm |
| 18:20 | Build | Stable |
| 18:36 | Build | House |
| 18:37 | Build | House |
| 18:37 | Build | House |
| 19:03 | Build | Stable |
| 19:05 | Research | Scale Barding Armor |
| 19:05 | Research | Scale Barding Armor |
| 19:13 | Research | Forging |
| 19:13 | Research | Forging |
| 19:29 | Research | Bloodlines |
| 19:33 | Queue | Scout Cavalry ×4 |
| 19:40 | Build | Stable |
| 19:42 | Queue | Villager (Male) |
| 19:48 | Build | Farm |
| 19:50 | Build | House |
| 19:58 | Queue | Scout Cavalry |
| 20:01 | Age | Castle Age |
| 20:07 | Research | Chain Barding Armor |
| 20:12 | Research | Light Cavalry (upgrade) |
| 20:13 | Research | Bloodlines |
| 20:14 | Queue | Scout Cavalry |
| 20:22 | Build | Farm |
| 20:40 | Research | Chain Barding Armor |
| 20:49 | Build | Farm |
| 20:53 | Build | Farm |
| 20:53 | Queue | Scout Cavalry |
| 21:05 | Build | Farm |
| 21:06 | Build | Farm |
| 21:08 | Queue | Scout Cavalry |
| 21:08 | Queue | Scout Cavalry |
| 21:21 | Build | House |
| 21:22 | Queue | Scout Cavalry |
| 21:30 | Queue | Villager (Male) |
| 21:42 | Queue | Scout Cavalry |
Match timeline
| 3:06 | Dr. Wiley!!! · first_building Barracks |
| 3:07 | Dr. Wiley!!! · wall_segment Palisade Wall x1 |
| 3:08 | Dr. Wiley!!! · wall_segment Palisade Wall x1 |
| 3:09 | Dr. Wiley!!! · wall_segment Palisade Wall x1 |
| 6:40 | Dr. Wiley!!! · wall_segment Palisade Wall x1 |
| 6:41 | Dr. Wiley!!! · wall_segment Palisade Wall x1 |
| 7:31 | Butterfly · wall_segment Palisade Wall x1 |
| 7:31 | Butterfly · wall_segment Palisade Wall x1 |
| 8:18 | Dr. Wiley!!! · wall_segment Palisade Wall x1 |
| 8:40 | Dr. Wiley!!! · wall_segment Palisade Wall x1 |
| 8:42 | Dr. Wiley!!! · wall_segment Palisade Wall x1 |
| 8:42 | Dr. Wiley!!! · wall_segment Palisade Wall x1 |
| 8:43 | Dr. Wiley!!! · wall_segment Palisade Wall x1 |
| 8:43 | Butterfly · first_building Barracks |
| 8:59 | Butterfly · age_up feudal |
| 9:47 | Dr. Wiley!!! · wall_segment Palisade Wall x5 |
| 10:09 | Dr. Wiley!!! · wall_segment Palisade Wall x15 |
| 10:30 | Dr. Wiley!!! · wall_segment Palisade Wall x4 |
| 10:34 | Butterfly · first_building Archery Range |
| 10:37 | Dr. Wiley!!! · wall_segment Palisade Wall x8 |
| 10:43 | Dr. Wiley!!! · wall_segment Palisade Wall x1 |
| 10:44 | Dr. Wiley!!! · wall_segment Palisade Wall x1 |
| 10:45 | Dr. Wiley!!! · wall_segment Palisade Wall x1 |
| 10:45 | Dr. Wiley!!! · wall_segment Palisade Wall x1 |
| 10:45 | Dr. Wiley!!! · wall_segment Palisade Wall x1 |
| 10:47 | Butterfly · wall_segment Palisade Wall x3 |
| 10:49 | Butterfly · wall_segment Palisade Wall x5 |
| 11:00 | Dr. Wiley!!! · wall_segment Palisade Wall x1 |
| 11:01 | Dr. Wiley!!! · wall_segment Palisade Wall x1 |
| 11:01 | Dr. Wiley!!! · wall_segment Palisade Wall x1 |
| 11:02 | Dr. Wiley!!! · wall_segment Palisade Wall x1 |
| 11:04 | Dr. Wiley!!! · wall_segment Palisade Wall x1 |
| 11:16 | Dr. Wiley!!! · wall_segment Palisade Wall x12 |
| 11:23 | Dr. Wiley!!! · wall_segment Palisade Wall x1 |
| 11:49 | Butterfly · wall_segment Palisade Wall x5 |
| 13:25 | Dr. Wiley!!! · age_up feudal |
| 16:08 | Butterfly · wall_segment Palisade Wall x1 |
| 16:18 | Butterfly · wall_segment Palisade Wall x1 |
| 16:23 | Butterfly · wall_segment Palisade Wall x1 |
| 16:24 | Butterfly · wall_segment Palisade Wall x1 |
| 16:29 | Butterfly · wall_segment Palisade Wall x1 |
| 16:43 | Dr. Wiley!!! · first_market_buy 100 food |
| 17:08 | Butterfly · wall_segment Palisade Wall x1 |
| 17:15 | Dr. Wiley!!! · first_market_sell 100 wood |
| 18:20 | Dr. Wiley!!! · first_building Stable |
| 18:28 | Butterfly · wall_segment Palisade Wall x1 |
| 19:03 | Butterfly · wall_segment Palisade Wall x1 |
| 20:01 | Dr. Wiley!!! · age_up castle |
| 20:52 | Butterfly · first_building Stable |
| 22:24 | Butterfly · age_up castle |
| 28:35 | Butterfly · first_building Monastery |
| 29:23 | Dr. Wiley!!! · first_building Siege Workshop |
| 32:15 | Butterfly · wall_segment Stone Wall x1 |
| 33:05 | Butterfly · wall_segment Stone Wall x1 |
| 33:10 | Butterfly · wall_segment Stone Wall x1 |
| 36:36 | Butterfly · first_market_sell 100 food |
| 36:37 | Butterfly · first_market_buy 100 stone |
| 37:21 | Butterfly · wall_segment Stone Wall x1 |
| 37:23 | Butterfly · wall_segment Palisade Wall x3 |
| 37:25 | Butterfly · wall_segment Palisade Wall x3 |
| 37:42 | Butterfly · first_building Castle |
| 39:12 | Dr. Wiley!!! · first_building Monastery |
| 41:10 | Dr. Wiley!!! · resign |
[ AI ANALYSIS · 1 CREDIT ]
What really happened in this match?
Wolo.gg analyzes every decision: build order, eco, micro, common mistakes by bracket. Personalized analysis on WhatsApp or Discord in 30 seconds.
Civ guide
Tatars
Perfil
Jugador #11988869